MLB
CINCINNATI REDS @ ST. LOUIS CARDINALS
08/23/2045
 
TOP OF THE 1ST
Cincinnati Reds batting - Pitching for St. Louis Cardinals : LHP Nate Crow
Pitching: LHP Nate Crow
Batting: RHB Willie Lazcano 0-0: Ball
1-0: Called Strike
1-1: Foul Ball, location: 2F
1-2: SINGLE (Line Drive, 6D, EV 97.5 MPH)
Batting: LHB Sean Geisler 0-0: Called Strike
0-1: Called Strike
0-2: Ball
1-2: Foul Ball, location: 2F
1-2: Ground out U3 (Groundball, 34S, EV 63.8 MPH)
Willie Lazcano to second
Batting: RHB Bruno André 0-0: Ball
1-0: Ball
Wild Pitch!
Willie Lazcano to third
2-0: Foul Ball, location: 2F
2-1: Foul Ball, location: 2F
2-2: Ball
3-2: Base on Balls
Batting: SHB Saulo Maina 0-0: Ball
1-0: Called Strike
1-1: Ball
2-1: Grounds into double play, 4-6-3 (Groundball, 13, EV 84.4 MPH)
Top of the 1st over - 0 runs, 1 hit, 0 errors, 1 left on base; Cincinnati 0 - St. Louis 0
BOTTOM OF THE 1ST
St. Louis Cardinals batting - Pitching for Cincinnati Reds : RHP Marshall Barron
Pitching: RHP Marshall Barron
Batting: LHB Tom Butterbaugh 0-0: Ball
1-0: Reached on error, E4 (Groundball, 4, EV 83.8 MPH)
Batting: RHB Rick O'Reilly 0-0: Called Strike
0-1: Foul Ball, location: 2F
0-2: Strikes out swinging
Batting: SHB Antoine Roux 0-0: Called Strike
Tom Butterbaugh steals 3rd base
0-1: Ground out U3 (Groundball, 3L, EV 106.9 MPH)
Batting: LHB Frank Hill 0-0: Ball
1-0: Ball
2-0: Foul Ball, location: 2F
2-1: Foul Ball, location: 2F
2-2: Ball
3-2: 2-RUN HOME RUN (Flyball, 89XD, EV 100.0 MPH), Distance : 391 ft
Batting: RHB Eric Chotkowski 0-0: Called Strike
0-1: Ball
1-1: SINGLE (Groundball, 6MD, EV 109.4 MPH)
Batting: SHB Hans Mikkelsen 0-0: Foul Ball, location: 2F
0-1: Foul Ball, location: 2F
0-2: Ball
1-2: Ball
2-2: Foul Ball, location: 2F
2-2: Ground out 4-3 (Groundball, 4, EV 105.6 MPH)
Bottom of the 1st over - 2 runs, 2 hits, 1 error, 1 left on base; Cincinnati 0 - St. Louis 2
TOP OF THE 2ND
Cincinnati Reds batting - Pitching for St. Louis Cardinals : LHP Nate Crow
Batting: SHB Dave Barefoot 0-0: Ball
1-0: Ball
2-0: Ball
3-0: Base on Balls
Batting: LHB Jon Ledesma 0-0: Ball
1-0: Ball
2-0: Ball
3-0: Ground out 5-3 (Groundball, 5, EV 96.9 MPH)
Dave Barefoot to second
Batting: RHB Fred Slade 0-0: Ball
1-0: Foul Ball, location: 2F
1-1: SINGLE (Line Drive, 4M, EV 100.0 MPH)
Dave Barefoot to third
Batting: LHB Andy Arbuckle 0-0: Called Strike
0-1: Swinging Strike
0-2: Ball
1-2: Fielders Choice at 2nd, 3-6 (Groundball, 34S, EV 83.8 MPH)
Dave Barefoot scores
Batting: LHB Satoru Handa 0-0: SINGLE (Groundball, 34D, EV 99.4 MPH)
Andy Arbuckle to second
Andy Arbuckle to third
Batting: RHB Willie Lazcano 0-0: Ball
1-0: Called Strike
1-1: Ball
2-1: Ball
3-1: Foul Ball, location: 2F
3-2: 3-RUN HOME RUN (Flyball, 7LD, EV 95.6 MPH), Distance : 361 ft
Batting: LHB Sean Geisler 0-0: Foul Ball, location: 2F
0-1: Swinging Strike
0-2: Ball
1-2: Ball
2-2: SOLO HOME RUN (Line Drive, 89XD, EV 100.6 MPH), Distance : 405 ft
Batting: RHB Bruno André 0-0: Foul Ball, location: 2F
0-1: Fly out, F9 (Flyball, 9LS, EV 91.9 MPH)
Top of the 2nd over - 5 runs, 4 hits, 0 errors, 0 left on base; Cincinnati 5 - St. Louis 2
BOTTOM OF THE 2ND
St. Louis Cardinals batting - Pitching for Cincinnati Reds : RHP Marshall Barron
Batting: LHB Ben Rubenacker 0-0: Ball
1-0: SOLO HOME RUN (Line Drive, 9D, EV 97.5 MPH), Distance : 389 ft
Batting: RHB Sergio Godinez 0-0: Ball
1-0: Called Strike
1-1: Ground out 6-3 (Groundball, 6, EV 99.4 MPH)
Batting: RHB Dustin Clark 0-0: Reached on error, E5 (Groundball, 56S, EV 83.1 MPH)
Batting: LHB Tom Butterbaugh 0-0: SINGLE (Groundball, 56D, EV 95.0 MPH)
Dustin Clark to third
Runner from 3rd tries for Home, SAFE, throw by LF to home
Batting: RHB Rick O'Reilly 0-0: Ball
1-0: Fly out, F8 (Flyball, 8LS, EV 83.1 MPH)
Batting: SHB Antoine Roux 0-0: Ball
1-0: Ball
2-0: Ball
3-0: Called Strike
3-1: Base on Balls
Tom Butterbaugh to second
Batting: LHB Frank Hill 0-0: Ball
1-0: Ball
2-0: Fly out, F7 (Flyball, 7, EV 78.8 MPH)
Bottom of the 2nd over - 2 runs, 2 hits, 1 error, 2 left on base; Cincinnati 5 - St. Louis 4
TOP OF THE 3RD
Cincinnati Reds batting - Pitching for St. Louis Cardinals : LHP Nate Crow
Batting: SHB Saulo Maina 0-0: Swinging Strike
0-1: Foul Ball, location: 2F
0-2: Ball
1-2: SINGLE (Flyball, 8RS, EV 86.2 MPH)
Pitching: RHP Josh Ambrose
Batting: SHB Dave Barefoot 0-0: Ball
1-0: Fly out, F8 (Flyball, 8LS, EV 88.8 MPH)
Batting: LHB Jon Ledesma 0-0: Ball
1-0: Called Strike
1-1: Foul Ball, location: 2F
1-2: Fly out, F7 (Flyball, 78D, EV 103.8 MPH)
Batting: RHB Fred Slade 0-0: Ball
Saulo Maina steals 2nd base
1-0: Called Strike
1-1: Called Strike
1-2: Strikes out looking
Top of the 3rd over - 0 runs, 1 hit, 0 errors, 1 left on base; Cincinnati 5 - St. Louis 4
BOTTOM OF THE 3RD
St. Louis Cardinals batting - Pitching for Cincinnati Reds : RHP Marshall Barron
Batting: RHB Eric Chotkowski 0-0: Ball
1-0: Ground out 4-3 (Groundball, 4, EV 87.5 MPH)
Batting: SHB Hans Mikkelsen 0-0: Ball
1-0: Called Strike
1-1: Foul Ball, location: 2F
1-2: Foul Ball, location: 2F
1-2: Strikes out swinging
Batting: LHB Ben Rubenacker 0-0: Foul Ball, location: 2F
0-1: Ball
1-1: Swinging Strike
1-2: Ball
2-2: SINGLE (Groundball, 34D, EV 95.0 MPH)
Batting: RHB Sergio Godinez 0-0: Ball
1-0: Ball
2-0: Called Strike
2-1: Swinging Strike
2-2: Strikes out swinging
Bottom of the 3rd over - 0 runs, 1 hit, 0 errors, 1 left on base; Cincinnati 5 - St. Louis 4
TOP OF THE 4TH
Cincinnati Reds batting - Pitching for St. Louis Cardinals : RHP Josh Ambrose
Batting: LHB Andy Arbuckle 0-0: Fly out, F8 (Flyball, 8RXD, EV 86.9 MPH)
Batting: LHB Satoru Handa 0-0: Fly out, F5 (Line Drive, 5, EV 63.1 MPH)
Batting: RHB Willie Lazcano 0-0: Foul Ball, location: 2F
0-1: Ball
1-1: Foul Ball, location: 2F
1-2: Foul Ball, location: 2F
1-2: Strikes out swinging
Top of the 4th over - 0 runs, 0 hits, 0 errors, 0 left on base; Cincinnati 5 - St. Louis 4
BOTTOM OF THE 4TH
St. Louis Cardinals batting - Pitching for Cincinnati Reds : RHP Marshall Barron
Batting: RHB Dustin Clark 0-0: Ball
1-0: Ball
2-0: Foul Ball, location: 2F
2-1: Foul Ball, location: 2F
2-2: Ball
3-2: Fly out, F7 (Flyball, 78S, EV 87.5 MPH)
Batting: LHB Tom Butterbaugh 0-0: Foul Ball, location: 2F
0-1: Ball
1-1: Swinging Strike
1-2: Ground out U3 (Groundball, 34S, EV 78.1 MPH)
Batting: RHB Rick O'Reilly 0-0: Foul Ball, location: 2F
0-1: Foul Ball, location: 2F
0-2: Foul Ball, location: 2F
0-2: Foul Ball, location: 2F
0-2: Ball
1-2: Ball
2-2: Foul Ball, location: 2F
2-2: Fly out, F5 (Line Drive, 5, EV 70.6 MPH)
Bottom of the 4th over - 0 runs, 0 hits, 0 errors, 0 left on base; Cincinnati 5 - St. Louis 4
TOP OF THE 5TH
Cincinnati Reds batting - Pitching for St. Louis Cardinals : RHP Josh Ambrose
Batting: LHB Sean Geisler 0-0: SOLO HOME RUN (Flyball, 9D, EV 94.4 MPH), Distance : 376 ft
Batting: RHB Bruno André 0-0: Called Strike
0-1: Ball
1-1: Ball
2-1: Foul Ball, location: 2F
2-2: Ball
3-2: SINGLE (Groundball, 6M, EV 99.4 MPH) (infield hit)
Batting: SHB Saulo Maina 0-0: Ball
1-0: Ball
2-0: Fly out, F2 (Popup, 5SF, EV 89.4 MPH)
Batting: SHB Dave Barefoot 0-0: Called Strike
0-1: Foul Ball, location: 2F
0-2: Ball
1-2: Ball
2-2: Foul Ball, location: 2F
2-2: Ball
3-2: Foul Ball, location: 2F
3-2: SINGLE (Groundball, 6D, EV 109.4 MPH)
Bruno André to second
Batting: LHB Jon Ledesma 0-0: Ball
Bruno André steals 3rd base
Dave Barefoot to second
1-0: Ground out 4-3 (Groundball, 4, EV 81.9 MPH)
Batting: RHB Fred Slade 0-0: Ball
1-0: Foul Ball, location: 2F
1-1: Called Strike
1-2: Ball
2-2: Ball
3-2: Strikes out swinging
Top of the 5th over - 1 run, 3 hits, 0 errors, 2 left on base; Cincinnati 6 - St. Louis 4
BOTTOM OF THE 5TH
St. Louis Cardinals batting - Pitching for Cincinnati Reds : RHP Marshall Barron
Batting: SHB Antoine Roux 0-0: Called Strike
0-1: Foul Ball, location: 2F
0-2: Hit by Pitch
Batting: LHB Frank Hill 0-0: Called Strike
0-1: Ball
1-1: Ball
2-1: Ball
3-1: Swinging Strike
3-2: Strikes out swinging
Batting: RHB Eric Chotkowski 0-0: Ball
1-0: Called Strike
1-1: Ball
2-1: Ball
3-1: Called Strike
3-2: Strikes out looking
Antoine Roux steals 2nd base
Batter strikes out.
Batting: SHB Hans Mikkelsen 0-0: Called Strike
0-1: Ball
1-1: SINGLE (Flyball, 89S, EV 91.9 MPH)
Antoine Roux to third
Runner from 3rd tries for Home, SAFE, throw by RF to home
Pitching: RHP Ragnar Alqvist
Batting: LHB Ben Rubenacker 0-0: Swinging Strike
0-1: Fly out, F7 (Line Drive, 7D, EV 96.9 MPH)
Bottom of the 5th over - 1 run, 1 hit, 0 errors, 1 left on base; Cincinnati 6 - St. Louis 5
TOP OF THE 6TH
Cincinnati Reds batting - Pitching for St. Louis Cardinals : RHP Josh Ambrose
Pitching: RHP Chad Steffee
Batting: LHB Andy Arbuckle 0-0: Ball
1-0: Ball
2-0: Called Strike
2-1: Ball
3-1: Base on Balls
Batting: LHB Satoru Handa 0-0: Called Strike
0-1: Ball
1-1: Grounds into double play, 4-6-3 (Groundball, 4, EV 83.1 MPH)
Batting: RHB Willie Lazcano 0-0: Ball
1-0: Ball
2-0: Ground out 4-3 (Groundball, 4, EV 78.1 MPH)
Top of the 6th over - 0 runs, 0 hits, 0 errors, 0 left on base; Cincinnati 6 - St. Louis 5
BOTTOM OF THE 6TH
St. Louis Cardinals batting - Pitching for Cincinnati Reds : RHP Ragnar Alqvist
Batting: RHB Sergio Godinez 0-0: Ball
1-0: Called Strike
1-1: Ground out 3-1 (Groundball, 34S, EV 82.5 MPH)
Batting: RHB Dustin Clark 0-0: Called Strike
0-1: Ball
1-1: Ball
2-1: Ball
3-1: Ground out 5-3 (Groundball, 56S, EV 86.2 MPH)
Batting: LHB Tom Butterbaugh 0-0: Fly out, F5 (Flyball, 56D, EV 92.5 MPH)
Bottom of the 6th over - 0 runs, 0 hits, 0 errors, 0 left on base; Cincinnati 6 - St. Louis 5
TOP OF THE 7TH
Cincinnati Reds batting - Pitching for St. Louis Cardinals : RHP Chad Steffee
Batting: LHB Sean Geisler 0-0: Ball
1-0: Called Strike
1-1: SINGLE (Line Drive, 8LS, EV 93.1 MPH)
Batting: RHB Bruno André 0-0: Ball
Sean Geisler is caught stealing 2nd base 2-4
1-0: Ground out 5-3 (Groundball, 56S, EV 92.5 MPH)
Batting: SHB Saulo Maina 0-0: Ball
1-0: Called Strike
1-1: SINGLE (Groundball, 4MD, EV 111.2 MPH)
Batting: SHB Dave Barefoot 0-0: Ball
1-0: Ball
2-0: Called Strike
2-1: Foul Ball, location: 2F
2-2: Strikes out swinging
Top of the 7th over - 0 runs, 2 hits, 0 errors, 1 left on base; Cincinnati 6 - St. Louis 5
BOTTOM OF THE 7TH
St. Louis Cardinals batting - Pitching for Cincinnati Reds : RHP Ragnar Alqvist
Batting: RHB Rick O'Reilly 0-0: Ball
1-0: SINGLE (Line Drive, 4MD, EV 97.5 MPH)
Batting: SHB Antoine Roux 0-0: Called Strike
0-1: Called Strike
0-2: Ball
1-2: Strikes out swinging
Batting: LHB Frank Hill Pickoff Throw to First - Error! E1
Rick O'Reilly to second
0-0: Ball
1-0: Ball
2-0: Foul Ball, location: 2F
2-1: Ball
3-1: SINGLE (Groundball, 34D, EV 103.1 MPH)
Rick O'Reilly to third
Runner from 3rd tries for Home, SAFE, throw by RF to home
Batting: RHB Eric Chotkowski 0-0: Called Strike
Frank Hill steals 2nd base (no throw)
0-1: Fly out, F8 (Line Drive, 8LM, EV 97.5 MPH)
Batting: SHB Hans Mikkelsen 0-0: Ball
1-0: Ball
2-0: SINGLE (Groundball, 34S, EV 73.1 MPH) (infield hit)
Frank Hill to third
Batting: LHB Ben Rubenacker 0-0: Called Strike
0-1: Ball
1-1: Ball
2-1: Ball
3-1: SINGLE (Line Drive, 8LS, EV 103.8 MPH)
Frank Hill scores
Hans Mikkelsen to second
Batting: RHB Sergio Godinez 0-0: Ground out 3-1 (Groundball, 34, EV 107.5 MPH)
Bottom of the 7th over - 2 runs, 4 hits, 1 error, 2 left on base; Cincinnati 6 - St. Louis 7
TOP OF THE 8TH
Cincinnati Reds batting - Pitching for St. Louis Cardinals : RHP Chad Steffee
Batting: LHB Jon Ledesma 0-0: Swinging Strike
0-1: Ball
1-1: Fly out, F7 (Flyball, 7S, EV 90.0 MPH)
Batting: LHB Jesus Lozano 0-0: Called Strike
0-1: Swinging Strike
0-2: Fly out, F7 (Flyball, 7S, EV 88.8 MPH)
Batting: LHB Andy Arbuckle 0-0: Ball
1-0: SINGLE (Line Drive, 34, EV 98.1 MPH)
Batting: LHB Satoru Handa 0-0: Ball
1-0: Ball
2-0: Ball
3-0: Base on Balls
Andy Arbuckle to second
Batting: RHB Willie Lazcano 0-0: Reached via error on a dropped throw from 2B, E3 (Groundball, 4, EV 83.8 MPH)
Andy Arbuckle to third
Satoru Handa to second
Batting: LHB Sean Geisler 0-0: Ball
1-0: Ball
2-0: Ball
3-0: Called Strike
3-1: Called Strike
3-2: Base on Balls
Andy Arbuckle scores
Satoru Handa to third
Willie Lazcano to second
Batting: RHB Bruno André 0-0: Foul Ball, location: 2F
0-1: Ball
1-1: Ball
2-1: Ball
3-1: Base on Balls
Satoru Handa scores
Willie Lazcano to third
Sean Geisler to second
Batting: SHB Saulo Maina 0-0: Swinging Strike
0-1: Ground out 1-3 (Groundball, 15S, EV 69.4 MPH)
Top of the 8th over - 2 runs, 1 hit, 1 error, 3 left on base; Cincinnati 8 - St. Louis 7
BOTTOM OF THE 8TH
St. Louis Cardinals batting - Pitching for Cincinnati Reds : RHP Ragnar Alqvist
Batting: RHB Dustin Clark 0-0: Ball
1-0: Swinging Strike
1-1: Called Strike
1-2: Strikes out swinging
Batting: LHB Tom Butterbaugh 0-0: Swinging Strike
0-1: Ball
1-1: Swinging Strike
1-2: Strikes out swinging
Batting: RHB Rick O'Reilly 0-0: Ball
1-0: Ball
2-0: Ball
3-0: Called Strike
3-1: Fly out, F8 (Flyball, 89M, EV 89.4 MPH)
Bottom of the 8th over - 0 runs, 0 hits, 0 errors, 0 left on base; Cincinnati 8 - St. Louis 7
TOP OF THE 9TH
Cincinnati Reds batting - Pitching for St. Louis Cardinals : RHP Chad Steffee
Pitching: RHP Bryan Banana
Batting: SHB Dave Barefoot 0-0: SINGLE (Groundball, 4MD, EV 99.4 MPH)
Batting: LHB Jon Ledesma 0-0: Ball
1-0: Sac Bunt to 23 - play at first, batter OUT! 3-4
Dave Barefoot to second
Batting: LHB Jesus Lozano 0-0: Swinging Strike
0-1: Swinging Strike
0-2: Strikes out looking
Batting: LHB Andy Arbuckle 0-0: Swinging Strike
0-1: Ball
1-1: Fly out, F6 (Popup, 6MD, EV 67.5 MPH)
Top of the 9th over - 0 runs, 1 hit, 0 errors, 1 left on base; Cincinnati 8 - St. Louis 7
BOTTOM OF THE 9TH
St. Louis Cardinals batting - Pitching for Cincinnati Reds : RHP Ragnar Alqvist
Pitching: RHP Sam Alexander
Now in LF: Satoru Handa
Now in CF: Joseph Kirchmann
Batting: SHB Antoine Roux 0-0: Fly out, F8 (Flyball, 78D, EV 99.4 MPH)
Batting: LHB Frank Hill 0-0: Ball
1-0: Ball
2-0: SINGLE (Groundball, 4MD, EV 104.4 MPH)
Batting: RHB Eric Chotkowski 0-0: Ball
1-0: Called Strike
1-1: Ball
2-1: Called Strike
2-2: Grounds into double play, 5-4-3 (Groundball, 5, EV 86.2 MPH)
Bottom of the 9th over - 0 runs, 1 hit, 0 errors, 0 left on base; Cincinnati 8 - St. Louis 7
Wednesday, June 22nd , 2022 - OOTP Baseball 23.4 Build 64